 Dungeon Crawl Stone Soup version 0.27-a0-972-gd1521fd518 (webtiles) character file.

Game seed: 8843484313896450122

4 polve the Skirmisher (level 1, -1/18 HPs)
             Began as a Demonspawn Abyssal Knight on Apr 13, 2021.
             Was an Initiate of Lugonu.
             Killed by Freeze
             ... generated by an endoplasm
              (5 damage)
             ... on level 1 of the Dungeon.
             The game lasted 00:00:19 (244 turns).

polve the Skirmisher (Demonspawn Abyssal Knight)     Turns: 244, Time: 00:00:20

Health: -1/18      AC:  1    Str: 12    XL:     1   Next: 58%
Magic:  2/2        EV: 11    Int:  9    God:    Lugonu [......]
Gold:   50         SH:  0    Dex: 12    Spells: 0/0 levels left

rFire    . . .     SeeInvis .   a - +1 short sword
rCold    . . .     Faith    .   (no shield)
rNeg     . . .     Spirit   .   b - +0 leather armour
rPois    .         Reflect  .   (no helmet)
rElec    .         Harm     .   (no cloak)
rCorr    .         Rampage  .   (no gloves)
Will     .....                  (no boots)
Stlth    +.........             (no amulet)
HPRegen  0.06/turn              (no ring)
MPRegen  0.08/turn              (no ring)

@: no status effects
A: [deformed body], [dopey 2]
a: Renounce Religion


You were on level 1 of the Dungeon.
You worshipped Lugonu.
Lugonu was noncommittal.
You visited 1 branch of the dungeon, and saw 1 of its levels.
You visited the Abyss 1 time.

You collected 50 gold pieces.

Inventory:

Hand Weapons
 a - a +1 short sword (weapon)
Armour
 b - a +0 leather armour (worn)
Potions
 c - a potion of attraction {unknown}
 d - a potion of curing {unknown}


   Skills:
 - Level 3.0 Fighting
 + Level 2.2 Short Blades
 - Level 1.7 Armour
 - Level 0.8 Dodging
 - Level 2.4 Invocations


You couldn't memorise any spells.
You didn't know any spells.
Your spell library was empty.

Dungeon Overview and Level Annotations

Branches:
Dungeon (1/15)

Altars:


Innate Abilities, Weirdness & Mutations

[Armour fits poorly on your strangely shaped body.]
[You are very dopey. (Int -4)]


Message History

A ball python comes into view.
You hit the hobgoblin.
The hobgoblin is almost dead.
The hobgoblin barely misses you.
You completely miss the hobgoblin.
The hobgoblin is almost dead.
The hobgoblin hits you.
You barely miss the hobgoblin.
The hobgoblin is almost dead.
The hobgoblin hits you.
You are too injured to fight recklessly!
You are too injured to fight recklessly!
You are too injured to fight recklessly!
There are monsters nearby!
There are monsters nearby!
You barely miss the hobgoblin.
The hobgoblin is almost dead.
The hobgoblin hits you.
You hit the hobgoblin.
You kill the hobgoblin!
Lugonu accepts your kill.
An endoplasm comes into view.
You completely miss the ball python.
The ball python bites you but does no damage.
The ball python misses you.
The endoplasm quivers.
You hit the ball python.
You kill the ball python!
Lugonu accepts your kill.
You see here a hobgoblin corpse.
You barely miss the endoplasm. You hit the endoplasm but do no damage.
The endoplasm closely misses you.
You barely miss the endoplasm. The endoplasm hits you.
You barely miss the endoplasm. The endoplasm hits you.
* * * LOW HITPOINT WARNING * * *
You hit the endoplasm.
The endoplasm is almost dead.
The endoplasm freezes you.
You are frozen.
You die...

#.#.....# #.#..... #.#.... .
#.#... .# #.##### ..# #.....#
...# #####.# ....#
###.#.#####.....# ##...#.##.@J.#
#..#......#### ....#.#.##(....##
....#.#.##.....# ###########
....#.#.##....######.........####
....#.#.####..###...............#
.>..#.#.# #..#.......⌠...⌠......
....#.#.# #..##...⌠.........⌠...
...†#.#.####..#.........≈........


You could see an endoplasm.

Vanquished Creatures
  A goblin (D:1)
  A hobgoblin (D:1)
  A ball python (D:1)
  A bat (D:1)
  A rat (D:1)
5 creatures vanquished.

Notes
Turn   | Place    | Note
-------+----------+-------------------------------------------
     0 | Abyss:1  | polve the Demonspawn Abyssal Knight began the quest for the
                  | Orb.
     0 | Abyss:1  | Reached XP level 1. HP: 18/18 MP: 2/2
    99 | Abyss:1  | Noticed a hell hound
   115 | Abyss:1  | Noticed a wretched star
   119 | D:1      | Escaped the Abyss
   244 | D:1      | Killed from afar by an endoplasm

Illustrated notes

Levels and vault maps discovered:
D:1:      dpeg_arrival_stone_temple_mockup, layout_rooms,
          serial_co_window_serial, co_window_paths_a, co_window_corner_a,
          co_window_paths_a, co_window_paths_a, co_window_corner_a,
          co_window_paths_b, co_window_2corner, co_window_corner_b,
          co_window_corner_cb, co_window_broadway_c, co_window_corner_b,
          co_window_paths_c, glass_columns_a

Skill      XL: |  1 |
---------------+----+-----
Short Blades   | 2 |  2.2
Fighting       | |  3.0
Armour         | |  1.7
Dodging        | |  0.8
Invocations    | |  2.4

Action                   || total
-------------------------++-------
Melee: Short sword       ||    18
Invok: Depart the Abyss  ||     1
Armor: Leather armour    ||     5
Dodge: Dodged            ||     5

Table legend: (Time is in decaauts)
 A = Elapsed time spent in this place.
 B = Non-inter-level travel time spent in this place.
 C = Inter-level travel time spent in this place.
 D = Time resting spent in this place.
 E = Time spent auto-exploring this place.
 F = Levels seen in this place.
 G = Mean time per level.
                   A        B        C        D        E       F      G
               +--------+--------+--------+--------+--------+-----+--------+
         Total |    243 |    243 |      0 |      0 |    198 |   2 |  121.5 |
       Dungeon |    124 |    124 |      0 |      0 |     90 |   1 |  124.0 |
         Abyss |    119 |    119 |      0 |      0 |    108 |   1 |  119.0 |
               +--------+--------+--------+--------+--------+-----+--------+

Top non-repeatable levels by time:
     D:1: 124 daAuts
 Abyss:1: 119 daAuts
